 Dungeon Crawl Stone Soup version 0.17.1-1-g73c8601 (webtiles) character file.

75 mindo the Magician (level 4, 0/27 HPs)
             Began as a High Elf Wizard on Dec 16, 2015.
             Slain by a giant gecko (1 damage)
             ... on level 3 of the Dungeon.
             The game lasted 00:12:01 (1959 turns).

mindo the Magician (High Elf Wizard)                Turns: 1959, Time: 00:12:01

Health: 0/27       AC:  7    Str:  6    XL:     4   Next: 11%
Magic:  1/11       EV: 13    Int: 23    God:
Gold:   81         SH:  0    Dex: 13    Spells: 1 memorised, 11 levels left

rFire  . . .     SeeInvis .     f - +0 short sword
rCold  . . .     Clarity  .     a - +0 robe
rNeg   . . .     SustAt   .     (no shield)
rPois  .         Gourm    .     b - +0 hat
rElec  .         Spirit   .     (no cloak)
rCorr  .         Warding  .     p - +0 pair of gloves
rMut   .         Stasis   .     (no boots)
MR     .....                    (no amulet)
Stlth  +.........               l - ring of loudness (curse)
                                h - +4 ring of protection

@: not resistant to hostile enchantments, very unstealthy
A: no striking features
a: no special abilities


You were on level 3 of the Dungeon.
You were not hungry.

You visited 1 branch of the dungeon, and saw 3 of its levels.

You collected 81 gold pieces.

Inventory:

Hand Weapons
 f - a +0 short sword (weapon)
Armour
 a - a +0 robe (worn)
 b - a +0 hat (worn)
 p - a +0 pair of gloves (worn)
Jewellery
 h - a +4 ring of protection (left hand)
 i - an uncursed amulet of stasis {unknown}
 l - a cursed ring of loudness (right hand)
Scrolls
 d - 2 scrolls of identify
 j - a scroll of random uselessness
 m - a scroll of magic mapping {unknown}
 o - a scroll of immolation {unknown}
Potions
 e - a potion of invisibility {unknown}
 g - 2 potions of curing {unknown}
 k - a potion of agility {unknown}
Books
 c - a book of Minor Magic

   Spells                             Type                      Level
   a - Magic Dart                     Conjuration                  1
   b - Blink                          Translocation                2
   c - Call Imp                       Summoning                    2
   d - Repel Missiles                 Charms/Air                   2
   e - Slow                           Hexes                        2
   f - Conjure Flame                  Conjuration/Fire             3
   g - Mephitic Cloud                 Conjuration/Poison/Air       3
Comestibles
 n - a meat ration


   Skills:
 + Level 3.1 Dodging
 + Level 2.9 Stealth
 + Level 4.6 Spellcasting
 + Level 1.8 Conjurations
   Level 0.8 Summonings
   Level 1.1 Translocations


You had 11 spell levels left.
You knew the following spells:

 Your Spells              Type           Power        Failure   Level  Hunger
a - Magic Dart            Conj           ##..         6%          1    None


Dungeon Overview and Level Annotations

Branches:
Dungeon (3/15)

Altars:


Message History

The giant gecko bites you.
* * * LOW HITPOINT WARNING * * *
The giant gecko bites you.
* * * LOW HITPOINT WARNING * * *
The worm bites you but does no damage.
You see here a rat corpse.
You barely miss the worm. The giant gecko misses you.
The worm closely misses you.
You hit the worm.
The worm is lightly wounded.
The giant gecko closely misses you. The giant gecko bites you.
* * * LOW HITPOINT WARNING * * *
You hit the worm.
The worm is moderately wounded.
The giant gecko barely misses you. The worm bites you but does no damage.
Your magical contamination has completely faded away.
You hit the worm but do no damage.
The worm is moderately wounded.
The giant gecko bites you.
You die...

.#######.......#####.(
............†.)...'..
.####...##.......#####..
..........####...# #(.
........#........# #..
......##...####### #..
.....#.#...# ###
..##.#....# . #.##l@w..#
# #.#.#.....# #.#......#
. #...)...# . #.(.$...#
. #.......# . #.......#
. #.#.....## #.#.#....#


You could see a worm and a giant gecko.

Vanquished Creatures
  2 adders
  An ooze (D:2)
  A giant gecko (D:1)
  8 bats
  9 hobgoblins
  A ball python (D:1)
  A giant cockroach (D:1)
  2 giant newts
  11 goblins
  8 kobolds
  8 rats
52 creatures vanquished.

Notes
Turn   | Place    | Note
--------------------------------------------------------------
     0 | D:1      | mindo the High Elf Wizard began the quest for the Orb.
     0 | D:1      | Reached XP level 1. HP: 11/11 MP: 6/6
   139 | D:1      | Reached skill level 4 in Spellcasting
   141 | D:1      | Reached XP level 2. HP: 9/17 MP: 1/8
   985 | D:1      | Reached XP level 3. HP: 21/21 MP: 5/9
  1877 | D:3      | Reached XP level 4. HP: 23/27 MP: 6/11
  1957 | D:3      | HP: 1/27 [giant gecko (1)]
  1959 | D:3      | Slain by a giant gecko

Action                   |  1- 3 |  4- 6 || total
-------------------------+-------+-------++-------
Melee: Unarmed           |     5 |       ||     5
       Short sword       |    27 |     8 ||    35
 Cast: Magic Dart        |    89 |    15 ||   104
  Use: Scroll            |     1 |       ||     1
  Eat: Bread ration      |     1 |       ||     1
